AoeStats
← ForgeableSum

Arabian Desert

509750751Analyzed
1v1 RM · 5d ago on Sep 27, 2026· 30m 17s· 2 players
Game mode
Random Map
Map size
Tiny (2 player)
Population
200
Speed
Normal
Resources
Standard
Victory
Conquest
Starting age
Dark Age
Ending age
Imperial Age
RankedLock teamsTeams togetherTeam positionsShared explorationLock speedFull tech treeHidden civsTurbo modeCheats
Victory
Defeat
🇪🇸 Magyars · Spain
1472
+14
🇺🇸 Portuguese · United States
1423
-14
Sir_Piñeiro
6:25 Loom
6:32 Loom
9:32 Feudal Age
10:01 Double-Bit Axe
10:27 Horse Collar
15:43 Town Watch
17:06 Wheelbarrow
20:57 Castle Age
19:40 Scale Barding Armor
20:32 Bloodlines
23:33 Husbandry
23:27 Gold Mining
30:59 Chain Barding Armor
ForgeableSum
8:15 Loom
10:29 Feudal Age
14:20 Castle Age
Connection lost

Rejoining the realm…

Still unreachable

The connection could not be restored.

Session expired

The server has moved on; the page needs a fresh start.